 Dungeon Crawl Stone Soup version 0.29-a0-1052-g6990b1bffc (webtiles) character file.

Game seed: 6807907271877017147

1899 siradein the Insei (level 8, -2/70 HPs)
             Began as a Yellow Draconian Transmuter on Aug 18, 2022.
             Was an Initiate of Wu Jian.
             Slain by an orc warrior
             ... wielding a +0 short sword
              (14 damage)
             ... on level 6 of the Dungeon.
             The game lasted 00:15:13 (6840 turns).

siradein the Insei (Yellow Draconian Transmuter)    Turns: 6840, Time: 00:15:14

Health: -2/70      AC:  2    Str: 12    XL:     8   Next: 93%
Magic:  0/15       EV: 19    Int: 16    God:    Wu Jian [......]
Gold:   405        SH:  0    Dex: 17    Spells: 7/17 levels left

rFire   . . .      SeeInvis .     - Unarmed
rCold   . . .      Faith    .   (shield currently unavailable)
rNeg    . . .      Spirit   +   (body armour unavailable)
rPois   x          Reflect  .   (helmet currently unavailable)
rElec   .          Harm     .   (cloak currently unavailable)
rCorr   .          Rampage  .   (gloves currently unavailable)
Will    .....                   (boots currently unavailable)
Stlth   ++........              b - amulet of guardian spirit
HPRegen 0.21/turn               (no ring)
MPRegen 0.14/turn               (no ring)

@: spider-form
A: venomous fangs, (spit acid), AC +6, tiny, unfitting armour, (cold-blooded),
(acid resistance)
a: End Transformation, Renounce Religion


You were on level 6 of the Dungeon.
You worshipped Wu Jian.
Wu Jian was noncommittal.
You were a venomous arachnid creature.
You visited 2 branches of the dungeon, and saw 7 of its levels.

You collected 405 gold pieces.

Inventory:

Armour
 l - a +2 pair of boots (melded)
 o - a +2 pair of gloves (melded)
Jewellery
 b - an amulet of guardian spirit (around neck)
Wands
 h - a wand of paralysis (4)
 k - a wand of flame (24)
 r - a wand of iceblast (9)
Scrolls
 d - a scroll of immolation
 e - a scroll of brand weapon
 f - a scroll of acquirement {unknown}
 g - a scroll of magic mapping
 i - 2 scrolls of teleportation
 n - a scroll of blinking {unknown}
Potions
 a - 2 potions of lignification
 c - a potion of curing
 j - 2 potions of attraction {unknown}
 m - a potion of haste {unknown}
 p - a potion of mutation {unknown}
 q - 2 potions of cancellation {unknown}
 s - a potion of resistance {unknown}


   Skills:
 + Level 5.7 Fighting
 - Level 1.7 Dodging
 + Level 6.0 Unarmed Combat
 + Level 5.1 Spellcasting
 + Level 5.6 Transmutations
 + Level 3.1 Ice Magic
 + Level 3.0 Poison Magic


You had 7 spell levels left.
You knew the following spells:

 Your Spells              Type           Power      Damage    Failure   Level
a - Beastly Appendage     Tmut           44%        N/A       7%          1
b - Wereblood             Tmut           22%        N/A       9%          2
c - Spider Form           Tmut/Pois      18%        N/A       21%         3
d - Ice Form              Ice/Tmut       18%        N/A       45%         4

Your spell library contained the following spells:

 Spells                   Type           Power      Damage    Failure   Level
 Ozocubu's Armour         Ice            14%        N/A       28%         3
 Tukima's Dance           Hex            4%         N/A       63%         3
 Yara's Violent Unravell  Hex/Tmut       6%         3d5       91%         5
 Passage of Golubria      Tloc           4%         N/A       94%         4
 Ozocubu's Refrigeration  Ice            7%         4d9       100%        7


Dungeon Overview and Level Annotations

Branches:
Dungeon (6/15)             Temple (1/1) D:5

Altars:
Ashenzari
Cheibriados
Dithmenos
Elyvilon
Fedhas
Gozag
Hepliaklqana
Kikubaaqudgha
Makhleb
Nemelex Xobeh
Okawaru
Qazlal
Ru
Sif Muna
Trog
Uskayaw
Vehumet
Wu Jian
Xom
Yredelemnul
Zin
The Shining One


Innate Abilities, Weirdness & Mutations

You are a venomous arachnid creature.
You have poisonous fangs.
You are tiny and dextrous.
Your spellcasting is less reliable in this form.
Your armour is entirely melded.
You are incapable of wielding weapons or throwing items.
((You can spit globs of acid.))
((Your golden yellow scales are hard. (AC +6)))
You cannot fit into any form of body armour.
((You are cold-blooded and may be slowed by cold attacks.))
((You are resistant to acid. (rCorr)))


Message History

You hit the orc warrior. You headbutt the orc warrior.
The orc warrior is moderately wounded.
The orc warrior closely misses you.
You closely miss the orc warrior. You claw the orc warrior.
The orc warrior is moderately wounded.
Your horns disappear.
Your talons disappear.
Your +2 pair of boots unmelds from your body.
The orc warrior barely misses you.
You barely miss the orc warrior.
The orc warrior is moderately wounded.
The orc warrior misses you.
You hit the orc warrior.
The orc warrior is moderately wounded.
You howl as the wereblood boils in your veins!
The orc warrior hits you with a +0 short sword.
Casting: Wereblood (safe; 2% risk of failure)
Confirm with . or Enter, or press ? or * to list all spells.
You grow a pair of large bovine horns.
Your feet morph into talons.
Your +2 pair of boots melds into your body.
The orc warrior hits you with a +0 short sword.
You closely miss the orc warrior.
You headbutt the orc warrior, but do no damage.
The orc warrior is moderately wounded.
Your primal bloodlust has ended.
The orc warrior hits you with a +0 short sword.
* * * LOW HITPOINT WARNING * * *
Casting: Beastly Appendage (safe; 1% risk of failure)
Confirm with . or Enter, or press ? or * to list all spells.
Your horns disappear.
Your talons disappear.
Your +2 pair of boots unmelds from your body.
You turn into a venomous arachnid creature.
Your +2 pair of gloves melds into your body.
Your +2 pair of boots melds into your body.
You have got your breath back.
The orc warrior hits you with a +0 short sword!
* * * LOW HITPOINT WARNING * * *
You hit the orc warrior.
The orc warrior is poisoned.
The orc warrior is heavily wounded.
The orc warrior hits you with a +0 short sword!
You die...

########## #########
.........# #.......#
.........#####.......###
.........##..........##.
..........)...........'.
###########'###......######.
........#los# #......#....##
........).### #......#....#
........### #....).#....#
........# #......#....#
........# #......#....##
.>....... ########...)'.
......... #....## #+####.#.
#....## #. .. #....##


You could see an orc warrior (very poisoned) and an iguana.

Vanquished Creatures
  Pikel (D:6)
  Edmund (D:6)
  A water moccasin (D:5)
  An ice beast (D:5)
  2 black bears (D:5)
  Pargi (D:3)
  A kobold brigand (D:5)
  A bullfrog (D:4)
  A necrophage (D:3)
  3 scorpions
  A jelly (D:5)
  2 howler monkeys
  2 hounds (D:5)
  An iguana (D:5)
  2 orc wizards
  Terence (D:3)
  Robin (D:3)
  3 adders
  A gnoll (D:1)
  2 shadow imps
  2 worms (D:4)
  The ghost of drugrobin the Sneak, a weakling DgDe (D:5)
  2 dart slugs
  20 orcs
  3 ball pythons
  5 bats
  8 endoplasms
  4 giant cockroaches
  13 goblins
  14 hobgoblins
  3 jackals (D:2)
  4 quokkas
  3 frilled lizards
  13 kobolds
  3 rats
127 creatures vanquished.

Notes
Turn   | Place    | Note
-------+----------+-------------------------------------------
     0 | D:1      | siradein the Draconian Transmuter began the quest for the
                  | Orb.
     0 | D:1      | Reached XP level 1. HP: 16/16 MP: 3/3
   153 | D:1      | Reached XP level 2. HP: 23/23 MP: 3/5
   202 | D:1      | Found a faded altar of an unknown god.
   855 | D:1      | Reached XP level 3. HP: 29/29 MP: 4/6
   908 | D:1      | Learned a level 2 spell: Wereblood
   912 | D:1      | Learned a level 3 spell: Spider Form
  1221 | D:2      | You fall into a shaft and drop 1 floor!
  1690 | D:2      | Reached XP level 4. HP: 36/36 MP: 7/7
  2147 | D:3      | Noticed Robin
  2170 | D:3      | Noticed Terence
  2182 | D:3      | Killed Terence
  2295 | D:3      | Noticed Pargi
  2304 | D:3      | Killed Pargi
  2305 | D:3      | Reached skill level 4 in Unarmed Combat
  2305 | D:3      | Reached XP level 5. HP: 34/45 MP: 5/9
  2390 | D:3      | Killed Robin
  2969 | D:3      | Reached XP level 6. HP: 39/51 MP: 6/11
  3874 | D:4      | Found a snail-covered altar of Cheibriados.
  3884 | D:4      | Found a blossoming altar of Fedhas.
  3885 | D:4      | Found a stormy altar of Qazlal.
  3886 | D:4      | Found a hide-covered altar of Uskayaw.
  4357 | D:5      | Entered Level 5 of the Dungeon
  4466 | D:5      | Your scales start taking on a golden yellow colour.
  4466 | D:5      | Reached XP level 7. HP: 31/59 MP: 4/12
  4466 | D:5      | Gained mutation: You are resistant to acid. (rCorr) [Yellow
                  | Draconian growth]
  4738 | D:5      | Reached skill level 5 in Unarmed Combat
  4878 | D:5      | Found a staircase to the Ecumenical Temple.
  4896 | Temple   | Entered the Ecumenical Temple
  5064 | Temple   | Became a worshipper of the Wu Jian Council
  5097 | Temple   | Learned a level 4 spell: Ice Form
  5256 | D:5      | Reached skill level 1 in Ice Magic
  5256 | D:5      | Reached skill level 1 in Poison Magic
  5473 | D:5      | Found a bloodstained altar of Trog.
  5514 | D:5      | Reached XP level 8. HP: 54/67 MP: 11/14
  5694 | D:5      | Found a runed translucent gate.
  5694 | D:5      | Found a runed translucent gate.
  5697 | D:5      | Found a runed translucent gate.
  5697 | D:5      | Noticed drugrobin's ghost (weakling DgDe)
  5811 | D:5      | Reached skill level 5 in Fighting
  5811 | D:5      | Reached skill level 5 in Transmutations
  5972 | D:5      | Killed drugrobin's ghost
  6125 | D:6      | Noticed Edmund
  6145 | D:6      | HP: 3/68 [Edmund/+1 vorpal dire flail (12)]
  6477 | D:6      | Killed Edmund
  6709 | D:6      | Noticed Pikel
  6719 | D:6      | Killed Pikel
  6720 | D:6      | Reached skill level 6 in Unarmed Combat
  6720 | D:6      | Reached skill level 5 in Spellcasting
  6840 | D:6      | Slain by an orc warrior

Illustrated notes

Levels and vault maps discovered:
D:1:      saegor_arrival_simple_a, layout_basic,
          shapermc_ecumenical_altar_mp_highgroup, minmay_pentomino_z4
D:2:      layout_loops_ring
D:3:      layout_basic, grunt_ministairs_3, uniq_robin, uniq_pargi, uniq_terence
D:4:      layout_basic, mainiacjoe_overflow_alcove_3, serial_rivers,
          chequers_serial_rivers_large_a, chequers_serial_rivers_small_a,
          chequers_serial_rivers_marsh, chequers_serial_rivers_small_3,
          chequers_serial_rivers_micro_b, chequers_serial_rivers_small_3,
          hangedman_abyss_or_decor_slice
D:5:      layout_basic, lemuel_tele_altar, minmay_temple_entry_glassed_door,
          gammafunk_ghost_nasty_kobolds, minivault_25, dk_vineyard_1
D:6:      layout_basic, minivault_26, nrook_campfire, minmay_misc_feat_five,
          uniq_edmund, uniq_pikel, uniq_maggie
Temple:   nicolae_temple_bog_church

Skill      XL: |  1  2  3  4  5  6  7  8 |
---------------+-------------------------+-----
Fighting       | 2 3 4 5 |  5.7
Unarmed Combat | 4 5 6 |  6.0
Spellcasting   | 3 4 5 |  5.1
Transmutations | 3 4 5 |  5.6
Ice Magic      | 1 3 |  3.1
Poison Magic   | 1 3 |  3.0
Dodging        | |  1.7

Action                   |  1- 3 |  4- 6 |  7- 9 || total
-------------------------+-------+-------+-------++-------
Melee: Unarmed           |    97 |   171 |   149 ||   417
       Tailslap          |     9 |    19 |    17 ||    45
       Kick              |    28 |    40 |    35 ||   103
       Headbutt          |     9 |    26 |    24 ||    59
       Punch             |       |     4 |     3 ||     7
 Cast: Beastly Appendage |    31 |    31 |    20 ||    82
       Wereblood         |     1 |     6 |     4 ||    11
       Spider Form       |       |       |     3 ||     3
Invok: Lunge             |       |       |     5 ||     5
 Abil: End Transformatio |       |     1 |     1 ||     2
       Breathe Acid      |       |       |    11 ||    11
  Use: Scroll            |       |     6 |     3 ||     9
Armor: Skin              |    15 |    46 |    57 ||   118
Dodge: Dodged            |    44 |   117 |    86 ||   247

Table legend: (Time is in decaauts)
 A = Elapsed time spent in this place.
 B = Non-inter-level travel time spent in this place.
 C = Inter-level travel time spent in this place.
 D = Time resting spent in this place.
 E = Time spent auto-exploring this place.
 F = Levels seen in this place.
 G = Mean time per level.
                   A        B        C        D        E       F      G
               +--------+--------+--------+--------+--------+-----+--------+
         Total |   6840 |   6570 |    270 |      0 |   5544 |   7 |  977.1 |
       Dungeon |   6629 |   6409 |    220 |      0 |   5405 |   6 | 1104.8 |
        Temple |    211 |    162 |     49 |      0 |    138 |   1 |  211.0 |
               +--------+--------+--------+--------+--------+-----+--------+

Top non-repeatable levels by time:
     D:5: 1830 daAuts
     D:4: 1274 daAuts
     D:3: 1158 daAuts
     D:1: 1125 daAuts
     D:2: 804 daAuts
     D:6: 436 daAuts
  Temple: 211 daAuts
